 Dungeon Crawl Stone Soup version 0.29-b1-12-g9e2288ab2a (webtiles) character file.

Game seed: 411432597572487137

163 Zeldest the Ruffian (level 5, -1/49 HPs)
             Began as a Naga Transmuter on Aug 23, 2022.
             Slain by a gnoll
             ... wielding a +0 halberd
              (10 damage)
             ... on level 4 of the Dungeon.
             The game lasted 00:08:35 (1272 turns).

Zeldest the Ruffian (Naga Transmuter)               Turns: 1272, Time: 00:08:36

Health: -1/49      AC:  2    Str: 13    XL:     5   Next: 44%
Magic:  7/8        EV: 10    Int: 15    God:
Gold:   117        SH:  0    Dex: 13    Spells: 5/8 levels left

rFire   . . .      SeeInvis +     - Unarmed
rCold   . . .      Faith    .   (no shield)
rNeg    . . .      Spirit   .   a - +0 robe
rPois   +          Reflect  .   (helmet currently unavailable)
rElec   .          Harm     .   (no cloak)
rCorr   .          Rampage  .   (no gloves)
Will    .....                   (no barding)
Stlth   +.........              (no amulet)
HPRegen 0.16/turn               m - ring of Sloth {Wiz Dex+2}
MPRegen 0.11/turn               (no ring)

@: about to teleport, appendages, wereblooded (expiring), very slow
A: horns 2, AC +1, large, see invisible, deformed body, poison resistance,
slowness 2, spit poison 1, naga tail 1
a: Spit Poison, End Transformation


You were on level 4 of the Dungeon.
You had temporarily grown beastly horns.
You visited 1 branch of the dungeon, and saw 4 of its levels.

You collected 117 gold pieces.

Inventory:

Armour
 a - a +0 robe (worn)
Jewellery
 m - the ring of Sloth (left hand) {Wiz Dex+2}
   (You found it on level 3 of the Dungeon)

   [ring of wizardry]

   It improves your spell success rate.
   Dex:       It affects your dexterity (+2).
Wands
 i - a wand of roots (6)
Scrolls
 h - a scroll of teleportation
 k - 2 scrolls of butterflies {unknown}
 l - a scroll of torment {unknown}
Potions
 b - a potion of lignification
 d - 2 potions of might
 f - a potion of brilliance
 g - a potion of flight
 j - a potion of attraction


   Skills:
 + Level 3.0 Fighting
 - Level 1.5 Dodging
 + Level 4.2 Unarmed Combat
 - Level 2.0 Spellcasting
 + Level 3.5 Transmutations


You had 5 spell levels left.
You knew the following spells:

 Your Spells              Type           Power      Damage    Failure   Level
a - Beastly Appendage     Tmut           24%        N/A       2%          1
b - Wereblood             Tmut           12%        N/A       3%          2

Your spell library contained the following spells:

 Spells                   Type           Power      Damage    Failure   Level
 Spider Form              Tmut/Pois      6%         N/A       13%         3
 Ice Form                 Ice/Tmut       6%         N/A       38%         4


Dungeon Overview and Level Annotations

Branches:
Dungeon (4/15)
 Temple: D:4-7

Altars:


Innate Abilities, Weirdness & Mutations

You have temporarily grown beastly horns.
Your serpentine skin is tough. (AC +1)
You have supernaturally acute eyesight. (SInv)
Armour fits poorly on your strangely shaped body.
Your system is resistant to poisons. (rPois)
You cover ground very slowly.
You can spit poison.
You have a snake-like lower body.


Message History

A gnoll comes into view. It is wielding a +0 whip.
The orc hits you with a +0 dagger.
The gnoll shouts!
You hit the orc but do no damage.
The orc is lightly wounded.
The orc barely misses you.
You hit the orc.
The orc is severely wounded.
Your horns disappear.
You barely miss the orc.
The orc is severely wounded.
The orc hits you with a +0 dagger.
Casting: Wereblood (safe; 3% risk of failure)
Confirm with . or Enter, or press ? or * to list all spells.
You grow a pair of large bovine horns.
The orc completely misses you.
A gnoll comes into view. It is wielding a +0 halberd.
You hit the orc.
You feel a bit better.
You kill the orc!
Your Fighting skill increases to level 3!
A gnoll comes into view. It is wielding a +0 club.
An endoplasm comes into view.
You closely miss the gnoll. The gnoll hits you with a +0 whip.
You closely miss the gnoll.
An adder comes into view.
The gnoll hits you with a +0 whip!
The adder hisses angrily.
You hit the gnoll but do no damage. The gnoll barely misses you.
The gnoll hits you from afar with a +0 halberd!
You barely miss the gnoll. Your headbutt misses the gnoll.
As you read the scroll of teleportation, it crumbles to dust.
You feel strangely unstable.
You howl as the wereblood boils in your veins!
Your primal bloodlust is almost over.
You hear a shout!
The gnoll barely misses you.
The gnoll hits you from afar with a +0 halberd!
* * * LOW HITPOINT WARNING * * *
The gnoll barely misses you.
The gnoll hits you from afar with a +0 halberd!
You die...

##.#o#........
#........?....
#.....S....#
#.# #g# #J#
#g# #g# #@#
#.# #.# #.#
#.# #.#
...###.###
#.......# ###
#.#####.# #..


You could see 3 gnolls, an adder and an endoplasm.

Vanquished Creatures
  A black bear (D:4)
  3 adders
  A worm (D:2)
  A dart slug (D:1)
  An orc (D:4)
  4 endoplasms
  2 giant cockroaches (D:3)
  3 goblins (D:1)
  3 hobgoblins
  4 quokkas
  4 ball pythons
  3 bats
  2 frilled lizards
  5 kobolds
  5 rats
42 creatures vanquished.

Notes
Turn   | Place    | Note
-------+----------+-------------------------------------------
     0 | D:1      | Zeldest the Naga Transmuter began the quest for the Orb.
     0 | D:1      | Reached XP level 1. HP: 18/18 MP: 3/3
     3 | D:1      | Noticed an electric eel
     3 | D:1      | Noticed an electric eel
   220 | D:1      | Reached XP level 2. HP: 25/25 MP: 5/5
   612 | D:2      | Reached XP level 3. HP: 15/32 MP: 6/6
   754 | D:2      | Learned a level 2 spell: Wereblood
   953 | D:3      | Identified the ring of Sloth {Wiz Dex+2}
  1201 | D:4      | Reached XP level 4. HP: 33/39 MP: 5/7
  1241 | D:4      | Noticed a black bear
  1245 | D:4      | Killed a black bear
  1246 | D:4      | Reached skill level 4 in Unarmed Combat
  1246 | D:4      | Reached XP level 5. HP: 33/48 MP: 8/8
  1272 | D:4      | Slain by a gnoll

Illustrated notes

Levels and vault maps discovered:
D:1:      arrival_aquarium_b, layout_loops_ring, shapermc_ecumenical_altar_gd
D:2:      minmay_recursive_quarters, layout_basic
D:3:      layout_basic
D:4:      layout_loops_ring, grunt_temple_overflow_open, serial_shops, shop,
          uniq_robin, uniq_menkaure

Skill      XL: |  1  2  3  4  5 |
---------------+----------------+-----
Fighting       | 2 3 |  3.0
Unarmed Combat | 4 |  4.2
Transmutations | 3 |  3.5
Dodging        | |  1.5
Spellcasting   | |  2.0

Action                   |  1- 3 |  4- 6 || total
-------------------------+-------+-------++-------
Melee: Unarmed           |    64 |    25 ||    89
       Headbutt          |    12 |     3 ||    15
       Punch             |     2 |     1 ||     3
 Cast: Beastly Appendage |    16 |     4 ||    20
       Wereblood         |       |     1 ||     1
 Abil: Spit Poison       |    24 |     2 ||    26
Evoke: Wand              |       |     2 ||     2
  Use: Scroll            |     5 |     2 ||     7
Armor: Robe              |    10 |     3 ||    13
Dodge: Dodged            |    35 |    18 ||    53
